 Dungeon Crawl Stone Soup version 0.31-a0-221-gbddc013574 (webtiles) character file.

Game seed: 2998447276348086760

20 Nietzsche the Chopper (level 2, -7/25 HPs)
             Began as a Draconian Gladiator on July 4, 2023.
             Mangled by a gnoll
             ... wielding a +0 flail
              (9 damage)
             ... on level 2 of the Dungeon.
             The game lasted 00:01:12 (942 turns).

Nietzsche the Chopper (Draconian Gladiator)          Turns: 942, Time: 00:01:13

Health: -7/25      AC:  4    Str: 16    XL:     2   Next: 58%
Magic:  2/2        EV: 12    Int:  8    God:
Gold:   43         SH:  0    Dex: 12    Spells: 2/2 levels left

rFire   . . .        a - +0 war axe
rCold   . . .        (no shield)
rNeg    . . .        (body armour unavailable)
rPois   .            b - +0 hat
rElec   .            (no cloak)
rCorr   .            (no gloves)
SInv    .            (no boots)
Will    .....        (no amulet)
Stlth   +            (no ring)
HPRegen 0.24/turn    (no ring)
MPRegen 0.08/turn

%: no passive effects
@: no status effects
A: AC +4, unfitting armour, cold-blooded
a: no special abilities


You were on level 2 of the Dungeon.
You visited 1 branch of the dungeon, and saw 2 of its levels.

You collected 43 gold pieces.

Inventory:

Hand Weapons
 a - a +0 war axe (weapon)
Missiles
 c - 3 throwing nets (quivered)
 d - a javelin
Armour
 b - a +0 hat (worn)
Jewellery
 j - a +6 ring of dexterity
Scrolls
 e - a scroll of teleportation {unknown}
 g - a scroll of noise {unknown}
 l - a scroll of identify {unknown}
 m - a scroll of amnesia {unknown}
Potions
 f - a potion of heal wounds {unknown}
 h - a potion of enlightenment {unknown}
 i - a potion of curing {unknown}
 k - 2 potions of might {unknown}
 n - a potion of ambrosia {unknown}


   Skills:
 + Level 2.5 Fighting
 + Level 3.4 Axes
 - Level 1.7 Throwing
 + Level 2.9 Dodging
 * Level 0.5 Spellcasting


You had 2 spell levels left.
You didn't know any spells.
Your spell library was empty.

Dungeon Overview and Level Annotations

Branches:
Dungeon (2/15)

Altars:


Innate Abilities, Weirdness & Mutations

Your plain brown scales are hard. (AC +4)
You cannot fit into any form of body armour.
You are cold-blooded and may be slowed by cold attacks.


Message History

A giant cockroach comes into view.
Found a stone staircase leading down.
The rat barely misses you.
You completely miss the giant cockroach.
Your tail-slap misses the giant cockroach.
You closely miss the rat. The giant cockroach bites you.
The rat closely misses you.
The giant cockroach bites you but does no damage.
You hit the giant cockroach.
The giant cockroach is severely wounded.
You barely miss the rat. The rat closely misses you.
The giant cockroach closely misses you. The rat bites you but does no damage.
You closely miss the giant cockroach. You tail-slap the giant cockroach.
You kill the giant cockroach!
You closely miss the rat. The rat bites you.
You hit the rat.
The rat is moderately wounded.
The rat bites you but does no damage.
You hit the rat.
You kill the rat!
No target in view!
No target in view!
n - a green potion
Okay, then.
Okay, then.
Found an escape hatch in the floor.
Found a dagger.
There is an escape hatch in the floor here.
A gnoll comes into view. It is wielding a +0 flail.
The gnoll shouts!
A gnoll comes into view. It is wielding a +0 flail.
A gnoll comes into view. It is wielding a +0 spear.
The gnoll misses you.
The gnoll shouts!
You hit the gnoll but do no damage.
Your tail-slap misses the gnoll.
You hit the gnoll but do no damage. The gnoll hits you with a +0 flail! x2
* * * LOW HITPOINT WARNING * * *
The gnoll hits you from afar with a +0 spear.
* * * LOW HITPOINT WARNING * * *
The gnoll hits you with a +0 flail!
You die...

#........# ##
##..>.##.# ..
#....##.# #.
#....##.#####.
#####.#####.....#.
...#.# #####...
#########.#.# ##..
.......#....#
######.
......g@..###
#......
######g#.##
#.##### .g.#...
#########


You could see 3 gnolls.

Vanquished Creatures
  2 dart slugs (D:1)
  2 ball pythons (D:1)
  2 endoplasms (D:1)
  3 giant cockroaches
  A goblin (D:1)
  A hobgoblin (D:1)
  A kobold (D:1)
  2 rats
14 creatures vanquished.

Notes
Turn   | Place    | Note
-------+----------+-------------------------------------------
     0 | D:1      | Nietzsche the Draconian Gladiator began the quest for the
                  | Orb.
     0 | D:1      | Reached XP level 1. HP: 17/17 MP: 1/1
   272 | D:1      | Reached XP level 2. HP: 21/24 MP: 2/2
   942 | D:2      | Mangled by a gnoll

Illustrated notes

Levels and vault maps discovered:
D:1:      amcnicky_arrival_gap_in_the_tavern_cellar, layout_basic
D:2:      layout_basic, minmay_diced_spiral

Action                     || total
---------------------------++-------
  Melee: War axe           ||    38
         Tailslap          ||     8
         Punch             ||     1
 Armour: Skin              ||    15
  Dodge: Dodged            ||    24

Table legend: (Time is in decaauts)
 A = Elapsed time spent in this place.
 B = Non-inter-level travel time spent in this place.
 C = Inter-level travel time spent in this place.
 D = Time resting spent in this place.
 E = Time spent auto-exploring this place.
 F = Levels seen in this place.
 G = Mean time per level.
                   A        B        C        D        E       F      G
               +--------+--------+--------+--------+--------+-----+--------+
         Total |    954 |    954 |      0 |      0 |    753 |   2 |  477.0 |
       Dungeon |    954 |    954 |      0 |      0 |    753 |   2 |  477.0 |
               +--------+--------+--------+--------+--------+-----+--------+

Top non-repeatable levels by time:
     D:1: 821 daAuts
     D:2: 132 daAuts
